General information
- name: BNet
- type: Ladder team game (AT/RT)
- host: Battle.net
- saver: MissionImpossib
map: DragonFalls
- players: 8
- length: 62:01
- speed: Fast
- version: 1.27 W3XP
- replay type: Public
» download(350 KB)
Players
team 1 (loser)
TriTon_KinG (
teal | 44 APM | 1478 actions | 33:42)
6 Far Seer
3 Feral Spirit
2 Chain Lighting
1 Earth Quake
5 Tauren Chieftain
2 War Stomp
3 Endurance Aura
1 Archmage
1 Summon Water Elemental
» actions
| Basic commands | 41 | |
| Build / train | 82 | |
| ESC pressed | 9 | |
| Enter build submenu | 23 | |
| Enter hero's abilities submenu | 12 | |
| Give item / drop item | 2 | |
| Remove unit from queue | 2 | |
| Right click | 757 | |
| Select / deselect | 434 | |
| Use ability | 116 | |
1478 total
» units
| Peon | 6 | |
| Grunt | 5 | |
| Shaman | 20 | |
| Tauren | 11 | |
| Siege Engine | 2 | |
44 total
» upgrades
| Armor | 2 | |
| Shaman Training | 2 | |
| Melee Weapons | 2 | |
| Pulverize | 2 | |
8 total
» buildings
| Altar of Storms | 1 | |
| Orc Burrow | 15 | |
| Barracks | 1 | |
| Voodoo Lounge | 1 | |
| Stronghold | 1 | |
| War Mill | 1 | |
| Spirit Lodge | 1 | |
| Fortress | 1 | |
| Tauren Totem | 1 | |
| Great Hall | 1 | |
24 total
» build order
00:21 Altar of Storms
00:32 Orc Burrow
00:38 Barracks
01:41 Orc Burrow
02:08 Voodoo Lounge
03:02 Stronghold
04:41 Orc Burrow
04:43 War Mill
05:50 Spirit Lodge
05:52 Fortress
06:31 Orc Burrow
08:36 Tauren Totem
08:45 Orc Burrow
12:22 Orc Burrow
12:25 Orc Burrow
18:16 Orc Burrow
19:35 Orc Burrow
19:37 Orc Burrow
20:10 Orc Burrow
20:16 Orc Burrow
20:23 Orc Burrow
22:59 Great Hall
23:33 Orc Burrow
23:38 Orc Burrow
» items
| Healing Salve | 4 | |
| Scroll of Speed | 2 | |
| Scroll of Town Portal | 1 | |
| Orb of Lightning | 1 | |
8 total

»
DreadKnight187 (
orange | 37 APM | 1202 actions | 32:26)
7 Death Knight
3 Unholy Aura
3 Death Coil
1 Animate Dead
» actions
| Basic commands | 38 | |
| Build / train | 107 | |
| Enter build submenu | 33 | |
| Enter hero's abilities submenu | 7 | |
| Give item / drop item | 2 | |
| Right click | 498 | |
| Select / deselect | 411 | |
| Use ability | 106 | |
1202 total
» units
| Acolyte | 18 | |
| Ghoul | 4 | |
| Crypt Fiend | 14 | |
| Satyr Shadowdancer | 1 | |
| Thunder Lizard | 1 | |
| Gargoyle | 9 | |
| Frost Wyrm | 3 | |
| Siege Engine | 6 | |
| Rifleman | 4 | |
| Knight | 6 | |
| Mortar Team | 3 | |
69 total
» upgrades
| Creature Attack | 3 | |
| Creature Carapace | 3 | |
| Web | 1 | |
| Long Rifles | 1 | |
| Plating | 2 | |
| Gunpowder | 1 | |
11 total
» buildings
| Graveyard | 2 | |
| Crypt | 1 | |
| Ziggurat | 14 | |
| Altar of Darkness | 1 | |
| Necropolis | 2 | |
| Spirit Tower | 3 | |
| Halls of the Dead | 1 | |
| Tomb of Relics | 2 | |
| Nerubian Tower | 2 | |
| Black Citadel | 1 | |
| Sacrificial Pit | 1 | |
| Boneyard | 2 | |
| Slaughterhouse | 1 | |
33 total
» build order
00:32 Graveyard
00:37 Crypt
00:54 Ziggurat
01:15 Altar of Darkness
01:28 Ziggurat
04:01 Ziggurat
06:44 Ziggurat
06:47 Ziggurat
06:49 Ziggurat
07:04 Necropolis
07:40 Spirit Tower
07:42 Spirit Tower
08:22 Necropolis
08:27 Halls of the Dead
08:58 Ziggurat
09:02 Tomb of Relics
09:29 Spirit Tower
09:31 Nerubian Tower
10:44 Nerubian Tower
11:26 Black Citadel
12:39 Sacrificial Pit
14:42 Boneyard
14:44 Boneyard
14:51 Slaughterhouse
15:25 Graveyard
16:17 Ziggurat
16:19 Ziggurat
16:21 Ziggurat
18:24 Ziggurat
18:28 Ziggurat
18:31 Ziggurat
19:59 Ziggurat
20:04 Tomb of Relics
» items
| Circlet of Nobility | 1 | |
| Orb of Corruption | 1 | |
| Scroll of Town Portal | 5 | |
| Potion of Healing | 2 | |
| Rod of Necromancy | 1 | |
| Orb of Fire | 1 | |
11 total
ToK.ZiLLa (
green | 77 APM | 1651 actions | 21:23)
4 Archmage
2 Summon Water Elemental
2 Brilliance Aura
1 Blood Mage
1 Flame Strike
1 Pit Lord
1 Rain of Fire
» actions
| Assign group hotkey | 61 | |
| Basic commands | 2 | |
| Build / train | 85 | |
| ESC pressed | 12 | |
| Enter build submenu | 26 | |
| Enter hero's abilities submenu | 6 | |
| Give item / drop item | 2 | |
| Right click | 727 | |
| Select / deselect | 264 | |
| Select group hotkey | 377 | |
| Use ability | 89 | |
1651 total
» units
| Peasant | 15 | |
| Footman | 6 | |
| Mortar Team | 5 | |
| Siege Engine | 6 | |
32 total
» upgrades
| Plating | 1 | |
| Lumber Harvesting | 2 | |
| Gunpowder | 2 | |
| Fragmentation Shards | 1 | |
| Masonry | 2 | |
| Flying Machine Bombs | 1 | |
| Barrage | 1 | |
10 total
» buildings
| Farm | 11 | |
| Altar of Kings | 1 | |
| Barracks | 1 | |
| Arcane Vault | 1 | |
| Town Hall | 1 | |
| Scout Tower | 4 | |
| Keep | 1 | |
| Arcane Tower | 2 | |
| Lumber Mill | 1 | |
| Blacksmith | 1 | |
| Guard Tower | 1 | |
| Castle | 1 | |
| Workshop | 2 | |
| Arcane Sanctum | 1 | |
29 total
» build order
00:07 Farm
00:11 Altar of Kings
00:20 Farm
00:23 Barracks
01:44 Arcane Vault
01:54 Farm
04:45 Town Hall
04:55 Scout Tower
04:56 Scout Tower
04:57 Scout Tower
06:01 Keep
06:04 Arcane Tower
06:34 Lumber Mill
06:37 Blacksmith
07:00 Scout Tower
07:41 Arcane Tower
09:50 Guard Tower
10:02 Castle
10:05 Workshop
10:07 Workshop
10:29 Arcane Sanctum
11:46 Farm
11:48 Farm
11:49 Farm
15:00 Farm
15:01 Farm
15:30 Farm
15:31 Farm
15:32 Farm
» items
| Scroll of Regeneration | 7 | |
| Lesser Clarity Potion | 2 | |
| Potion of Lesser Invulnerability | 1 | |
| Scroll of Healing | 2 | |
| Orb of Fire | 2 | |
| Potion of Healing | 4 | |
| Potion of Mana | 1 | |
| Staff of Sanctuary | 2 | |
| Scroll of Town Portal | 4 | |
| Scroll of Speed | 1 | |
| Orb of Lightning | 1 | |
27 total
TheWhaleXL (
pink | 90 APM | 5563 actions | 62:01)
9 Blademaster
3 Wind Walk
3 Critical Strike
1 Bladestorm
2 Mirror Image
1 Pit Lord
1 Howl of Terror
1 Tauren Chieftain
1 Reincarnation
2 Blood Mage
1 Flame Strike
1 Banish
» actions
| Assign group hotkey | 141 | |
| Basic commands | 20 | |
| Build / train | 194 | |
| ESC pressed | 17 | |
| Enter build submenu | 62 | |
| Enter hero's abilities submenu | 13 | |
| Give item / drop item | 32 | |
| Right click | 2943 | |
| Select / deselect | 748 | |
| Select group hotkey | 873 | |
| Use ability | 520 | |
5563 total
» units
| Peon | 20 | |
| Grunt | 9 | |
| Goblin Shredder | 9 | |
| Goblin Zeppelin | 2 | |
| Wind Rider | 5 | |
| Raider | 3 | |
| Troll Headhunter/Berserker | 5 | |
| Kodo Beast | 2 | |
55 total
» upgrades
| Berserker Strength | 1 | |
| Melee Weapons | 2 | |
| Pillage | 2 | |
| Spiked Barricades | 3 | |
| Armor | 1 | |
| Ranged Weapons | 3 | |
| Reinforced Defenses | 2 | |
| Envenomed Spears | 1 | |
| Berserker Upgrade | 1 | |
| Ensnare | 1 | |
| Masonry | 1 | |
| Ghoul Frenzy | 1 | |
| Unholy Strength | 1 | |
20 total
» buildings
| Orc Burrow | 10 | |
| Barracks | 2 | |
| Altar of Storms | 2 | |
| Voodoo Lounge | 2 | |
| Stronghold | 18 | |
| War Mill | 2 | |
| Great Hall | 3 | |
| Watch Tower | 26 | |
| Fortress | 16 | |
| Beastiary | 6 | |
| Spirit Tower | 14 | |
| Nerubian Tower | 5 | |
| Farm | 1 | |
| Altar of Kings | 1 | |
| Sacrificial Pit | 1 | |
109 total
» build order
00:14 Orc Burrow
01:10 Barracks
01:12 Altar of Storms
01:36 Orc Burrow
01:51 Voodoo Lounge
03:11 Orc Burrow
04:23 Stronghold
04:24 Stronghold
04:24 Stronghold
04:24 Stronghold
05:19 War Mill
05:48 Great Hall
06:05 Orc Burrow
06:37 Watch Tower
07:13 Watch Tower
07:17 Watch Tower
07:22 Watch Tower
08:44 Watch Tower
08:47 Watch Tower
09:36 Fortress
09:37 Fortress
09:37 Fortress
09:39 Watch Tower
09:40 Watch Tower
09:54 Watch Tower
09:58 Watch Tower
10:01 Watch Tower
10:06 Watch Tower
10:13 Watch Tower
12:10 Great Hall
12:15 War Mill
13:27 Stronghold
13:28 Stronghold
13:28 Stronghold
13:28 Stronghold
14:20 Watch Tower
14:22 Watch Tower
14:23 Watch Tower
14:24 Watch Tower
14:26 Watch Tower
14:46 Voodoo Lounge
15:01 Watch Tower
15:49 Fortress
15:49 Fortress
15:49 Fortress
15:56 Beastiary
16:01 Beastiary
20:41 Barracks
25:03 Watch Tower
26:17 Stronghold
28:20 Watch Tower
28:24 Watch Tower
28:25 Watch Tower
28:26 Watch Tower
29:11 Great Hall
29:13 Watch Tower
29:14 Watch Tower
29:19 Fortress
29:19 Fortress
29:38 Orc Burrow
36:21 Spirit Tower
36:21 Spirit Tower
36:22 Spirit Tower
37:12 Spirit Tower
37:12 Spirit Tower
37:13 Spirit Tower
37:13 Spirit Tower
37:15 Spirit Tower
37:15 Spirit Tower
37:15 Spirit Tower
37:18 Nerubian Tower
37:18 Nerubian Tower
37:18 Nerubian Tower
38:37 Farm
38:38 Altar of Kings
48:53 Sacrificial Pit
56:44 Stronghold
56:44 Stronghold
56:45 Stronghold
56:45 Stronghold
56:54 Orc Burrow
56:56 Orc Burrow
56:58 Orc Burrow
59:19 Altar of Storms
59:46 Beastiary
59:47 Beastiary
59:48 Beastiary
59:50 Beastiary
59:57 Orc Burrow
60:01 Orc Burrow
60:27 Fortress
60:27 Fortress
» items
| Healing Salve | 6 | |
| Lesser Clarity Potion | 7 | |
| Boots of Speed | 1 | |
| Scroll of Town Portal | 3 | |
| Circlet of Nobility | 1 | |
| Orb of Lightning | 1 | |
| Potion of Mana | 1 | |
| Tiny Great Hall | 1 | |
21 total
team 2 (winner)
el_sin_nombre_2 (
blue | 48 APM | 2996 actions | 62:01)
9 Blademaster
3 Critical Strike
3 Wind Walk
1 Bladestorm
2 Mirror Image
4 Shadow Hunter
2 Healing Wave
2 Hex
» actions
| Assign group hotkey | 32 | |
| Basic commands | 96 | |
| Build / train | 138 | |
| ESC pressed | 5 | |
| Enter build submenu | 24 | |
| Enter hero's abilities submenu | 13 | |
| Give item / drop item | 3 | |
| Right click | 1020 | |
| Select / deselect | 472 | |
| Select group hotkey | 979 | |
| Use ability | 213 | |
2996 total
» units
| Peon | 22 | |
| Grunt | 7 | |
| Tauren | 8 | |
| Shaman | 7 | |
| Spirit Walker | 5 | |
| Goblin Shredder | 3 | |
52 total
» upgrades
| Armor | 1 | |
| Berserker Strength | 1 | |
| Shaman Training | 2 | |
| Pulverize | 1 | |
| Spirit Walker Training | 2 | |
| Melee Weapons | 1 | |
| Reinforced Defenses | 1 | |
| Spiked Barricades | 1 | |
| Ranged Weapons | 1 | |
11 total
» buildings
| Orc Burrow | 8 | |
| Altar of Storms | 1 | |
| Voodoo Lounge | 1 | |
| War Mill | 1 | |
| Barracks | 1 | |
| Stronghold | 5 | |
| Great Hall | 5 | |
| Watch Tower | 6 | |
| Fortress | 4 | |
| Spirit Lodge | 2 | |
| Tauren Totem | 3 | |
37 total
» build order
00:23 Orc Burrow
00:38 Altar of Storms
00:54 Voodoo Lounge
01:26 War Mill
01:32 Orc Burrow
02:03 Barracks
02:25 Orc Burrow
03:05 Stronghold
03:06 Stronghold
03:06 Stronghold
05:19 Great Hall
05:34 Watch Tower
05:35 Watch Tower
05:41 Fortress
05:42 Fortress
05:42 Fortress
07:25 Spirit Lodge
09:21 Tauren Totem
09:21 Tauren Totem
09:50 Tauren Totem
12:18 Orc Burrow
12:20 Orc Burrow
13:00 Great Hall
14:49 Orc Burrow
14:50 Orc Burrow
21:00 Orc Burrow
21:36 Spirit Lodge
31:35 Great Hall
31:52 Watch Tower
31:53 Watch Tower
31:54 Watch Tower
31:55 Watch Tower
37:36 Great Hall
41:51 Great Hall
» items
| Healing Salve | 5 | |
| Lesser Clarity Potion | 2 | |
| Scroll of Town Portal | 8 | |
| Scroll of Regeneration | 3 | |
| Potion of Lesser Invulnerability | 6 | |
24 total

»
iamnoobkillme (
purple | 92 APM | 3506 actions | 38:06)
5 Archmage
3 Blizzard
2 Brilliance Aura
» actions
| Assign group hotkey | 15 | |
| Basic commands | 22 | |
| Build / train | 74 | |
| ESC pressed | 1 | |
| Enter build submenu | 22 | |
| Enter hero's abilities submenu | 5 | |
| Give item / drop item | 2 | |
| Right click | 1985 | |
| Select / deselect | 438 | |
| Select group hotkey | 826 | |
| Use ability | 116 | |
3506 total
» units
| Peasant | 13 | |
| Mortar Team | 9 | |
| Flying Machine | 2 | |
| Siege Engine | 3 | |
27 total
» upgrades
| Masonry | 3 | |
| Lumber Harvesting | 1 | |
| Gunpowder | 2 | |
| Flare | 1 | |
| Fragmentation Shards | 1 | |
| Barrage | 1 | |
| Flak Cannons | 1 | |
10 total
» buildings
| Altar of Kings | 2 | |
| Farm | 10 | |
| Lumber Mill | 2 | |
| Arcane Vault | 1 | |
| Scout Tower | 6 | |
| Arcane Tower | 2 | |
| Keep | 1 | |
| Guard Tower | 6 | |
| Blacksmith | 1 | |
| Workshop | 3 | |
| Castle | 1 | |
| Town Hall | 1 | |
36 total
» build order
00:23 Altar of Kings
00:28 Farm
00:38 Lumber Mill
01:03 Arcane Vault
01:11 Farm
01:51 Farm
01:59 Scout Tower
02:00 Scout Tower
02:59 Arcane Tower
03:16 Keep
03:34 Guard Tower
03:38 Scout Tower
04:05 Blacksmith
04:08 Guard Tower
04:12 Farm
04:13 Farm
04:14 Farm
04:55 Farm
04:55 Farm
05:59 Workshop
06:04 Workshop
06:08 Workshop
09:37 Farm
12:25 Farm
14:37 Castle
19:44 Scout Tower
19:48 Scout Tower
19:52 Scout Tower
20:10 Guard Tower
20:11 Guard Tower
20:28 Guard Tower
23:02 Altar of Kings
23:06 Guard Tower
27:08 Town Hall
29:22 Lumber Mill
» items
| Healing Salve | 4 | |
| Scroll of Speed | 1 | |
| Lesser Clarity Potion | 1 | |
| Boots of Speed | 2 | |
| Staff of Teleportation | 1 | |
| Potion of Invisibility | 3 | |
| Scroll of Town Portal | 6 | |
| Potion of Lesser Invulnerability | 1 | |
| Staff of Sanctuary | 1 | |
| Potion of Healing | 1 | |
21 total
Ludakatapro (
yellow | 59 APM | 2230 actions | 38:00)
5 Death Knight
3 Death Coil
2 Unholy Aura
4 Crypt Lord
2 Impale
1 Carrion Beetles
1 Spiked Carapace
» actions
| Assign group hotkey | 23 | |
| Basic commands | 23 | |
| Build / train | 62 | |
| ESC pressed | 1 | |
| Enter build submenu | 46 | |
| Enter hero's abilities submenu | 9 | |
| Give item / drop item | 1 | |
| Remove unit from queue | 1 | |
| Right click | 1242 | |
| Select / deselect | 342 | |
| Select group hotkey | 391 | |
| Use ability | 89 | |
2230 total
» units
| Acolyte | 3 | |
| Ghoul | 8 | |
| Crypt Fiend | 6 | |
| Frost Wyrm | 5 | |
| Obsidian Statue | 3 | |
| Goblin Shredder | 2 | |
27 total
» upgrades
| Creature Attack | 2 | |
| Web | 1 | |
| Destroyer Form | 1 | |
4 total
» buildings
| Crypt | 3 | |
| Graveyard | 2 | |
| Ziggurat | 9 | |
| Altar of Darkness | 7 | |
| Tomb of Relics | 1 | |
| Halls of the Dead | 3 | |
| Sacrificial Pit | 1 | |
| Nerubian Tower | 2 | |
| Black Citadel | 1 | |
| Spirit Tower | 1 | |
| Boneyard | 1 | |
| Slaughterhouse | 2 | |
| Necropolis | 3 | |
36 total
» build order
00:10 Crypt
00:19 Graveyard
00:40 Ziggurat
01:01 Altar of Darkness
02:00 Ziggurat
02:17 Tomb of Relics
03:09 Halls of the Dead
03:09 Halls of the Dead
04:27 Ziggurat
06:10 Sacrificial Pit
06:36 Nerubian Tower
06:37 Black Citadel
08:42 Spirit Tower
08:59 Boneyard
10:26 Ziggurat
10:27 Ziggurat
13:21 Slaughterhouse
13:22 Slaughterhouse
20:18 Necropolis
23:03 Ziggurat
23:05 Ziggurat
23:07 Ziggurat
23:07 Ziggurat
24:06 Nerubian Tower
24:11 Graveyard
24:14 Halls of the Dead
26:36 Altar of Darkness
26:51 Crypt
29:00 Altar of Darkness
29:08 Altar of Darkness
29:28 Altar of Darkness
31:34 Necropolis
33:13 Necropolis
33:28 Altar of Darkness
33:31 Altar of Darkness
36:14 Crypt
» items
| Rod of Necromancy | 2 | |
| Scroll of Town Portal | 4 | |
| Orb of Corruption | 1 | |
| Scroll of Healing | 1 | |
| Staff of Sanctuary | 1 | |
9 total
MissionImpossib (
red | 44 APM | 2707 actions | 62:01)
9 Archmage
3 Summon Water Elemental
3 Brilliance Aura
1 Mass Teleport
2 Blizzard
» actions
| Assign group hotkey | 76 | |
| Basic commands | 312 | |
| Build / train | 119 | |
| Enter build submenu | 73 | |
| Enter hero's abilities submenu | 10 | |
| Give item / drop item | 6 | |
| Remove unit from queue | 2 | |
| Right click | 886 | |
| Select / deselect | 610 | |
| Select group hotkey | 348 | |
| Use ability | 265 | |
2707 total
» units
| Peasant | 13 | |
| Footman | 4 | |
| Goblin Shredder | 1 | |
| Goblin Zeppelin | 1 | |
| Gryphon Rider | 17 | |
| Green Dragon | 5 | |
| Acolyte | 1 | |
42 total
» upgrades
| Masonry | 3 | |
| Storm Hammers | 1 | |
| Swords | 3 | |
| Armor | 3 | |
| Cloud | 1 | |
| Animal War Training | 1 | |
12 total
» buildings
| Altar of Kings | 1 | |
| Barracks | 1 | |
| Farm | 7 | |
| Arcane Vault | 1 | |
| Keep | 1 | |
| Town Hall | 2 | |
| Lumber Mill | 3 | |
| Castle | 1 | |
| Scout Tower | 64 | |
| Gryphon Aviary | 4 | |
| Guard Tower | 17 | |
| Blacksmith | 2 | |
104 total
» build order
00:57 Altar of Kings
01:00 Barracks
01:02 Farm
01:03 Farm
01:15 Farm
01:53 Farm
03:13 Arcane Vault
04:14 Keep
04:24 Town Hall
04:53 Lumber Mill
07:29 Castle
08:15 Scout Tower
08:15 Scout Tower
08:16 Scout Tower
08:16 Scout Tower
08:16 Scout Tower
08:18 Scout Tower
08:18 Scout Tower
08:18 Scout Tower
08:20 Scout Tower
08:22 Scout Tower
08:24 Scout Tower
08:26 Scout Tower
08:38 Gryphon Aviary
08:40 Gryphon Aviary
08:41 Gryphon Aviary
08:54 Guard Tower
08:55 Guard Tower
08:57 Guard Tower
08:58 Guard Tower
09:25 Gryphon Aviary
11:01 Farm
11:04 Scout Tower
11:04 Scout Tower
11:04 Scout Tower
11:05 Scout Tower
11:05 Scout Tower
11:05 Scout Tower
11:17 Blacksmith
11:25 Blacksmith
11:43 Guard Tower
12:30 Guard Tower
13:16 Farm
18:05 Farm
22:54 Scout Tower
22:55 Scout Tower
22:55 Scout Tower
22:55 Scout Tower
23:13 Lumber Mill
23:24 Guard Tower
23:44 Guard Tower
23:45 Scout Tower
23:46 Scout Tower
23:46 Scout Tower
23:47 Scout Tower
23:47 Scout Tower
24:08 Scout Tower
24:09 Scout Tower
24:09 Scout Tower
24:09 Scout Tower
24:10 Scout Tower
24:58 Guard Tower
24:59 Scout Tower
24:59 Scout Tower
25:00 Scout Tower
25:01 Scout Tower
25:01 Scout Tower
25:02 Scout Tower
26:15 Guard Tower
26:42 Guard Tower
26:44 Scout Tower
26:45 Scout Tower
26:45 Scout Tower
26:46 Scout Tower
26:46 Scout Tower
26:47 Scout Tower
26:47 Scout Tower
26:47 Scout Tower
27:28 Scout Tower
27:29 Scout Tower
27:29 Scout Tower
27:31 Scout Tower
27:39 Guard Tower
28:01 Guard Tower
28:09 Town Hall
28:13 Guard Tower
28:14 Guard Tower
29:03 Guard Tower
32:03 Scout Tower
32:04 Scout Tower
32:04 Scout Tower
32:04 Scout Tower
32:07 Scout Tower
32:08 Scout Tower
32:08 Scout Tower
32:09 Scout Tower
32:09 Scout Tower
32:09 Scout Tower
32:36 Lumber Mill
33:21 Guard Tower
35:59 Guard Tower
» items
| Scroll of Regeneration | 8 | |
| Potion of Healing | 5 | |
| Scroll of Town Portal | 9 | |
| Mechanical Critter | 2 | |
| Staff of Sanctuary | 2 | |
| Lesser Clarity Potion | 2 | |
| Potion of Mana | 3 | |
| Periapt of Vitality | 1 | |
| Potion of Lesser Invulnerability | 1 | |
| Staff of Teleportation | 1 | |
34 total
Chat log
(00:08 / All) TheWhaleXL: I am the whale of our group
(00:11 / All) TheWhaleXL: bloop bloop bloop
(00:27 / Allies) Ludakatapro: 100?
(00:30 / All) TheWhaleXL: I'm a whale, XL, from California
(00:30 / Allies) Ludakatapro: fiends into frosties from me
(00:40 / All) ToK.ZiLLa: what part
(00:42 / All) ToK.ZiLLa: im from cali too
(00:43 / All) TheWhaleXL: I'm never wrong and always know better
(00:46 / Allies) iamnoobkillme: motars
(00:57 / All) TheWhaleXL: Tulares
(00:58 / All) TheWhaleXL: california
(01:00 / All) TheWhaleXL: baby
(01:02 / Allies) el_sin_nombre_2: melee
(01:11 / All) DreadKnight187: another shitstain area
(01:13 / All) MissionImpossib: CALIFORNIA KNOWS HOW TO PARTY
(01:20 / All) Ludakatapro: CALI BABY
(01:21 / All) TheWhaleXL: I'm from the bay originally
(01:25 / All) TheWhaleXL: because I'm a whale
(01:25 / All) ToK.ZiLLa: CALI BABY
(01:29 / All) TheWhaleXL: a big fat one
(01:30 / All) ToK.ZiLLa: lol
(01:31 / All) TriTon_KinG: CANADA TOO
(01:38 / All) TriTon_KinG: KNOWS HOW TO PARTY
(01:51 / All) TriTon_KinG: nah?
(01:54 / All) TriTon_KinG: common guys
(01:57 / All) TriTon_KinG: though we had this
(02:00 / All) TriTon_KinG: .... =/
(02:10 / Allies) Ludakatapro: 100 gold anyone?
(02:12 / All) MissionImpossib: IN THE CITYYYYYY OF LA
(02:20 / All) MissionImpossib: IN THE CITTTTTTYYYYYY OF GOOD OLE BLUNTS
(02:28 / All) MissionImpossib: IN THE CITTYYY CITTY OF COMPTON
(02:33 / All) MissionImpossib: WE KEEP IT ROCKIN WE KEEP IT ROCKIN
(02:53 / All) TheWhaleXL: I blocked the friends I played war3 with cuz they don't approve of my blubber getting o my brain
(02:56 / All) MissionImpossib: the state where u never find a dance flo empty
(03:01 / All) TheWhaleXL: but I can't help but be a retarded whale
(03:36 / All) TheWhaleXL: get outta my pool!
(05:58 / Allies) Ludakatapro: red
(06:00 / Allies) Ludakatapro: we gotta get that down
(06:24 / Allies) Ludakatapro: i will help
(08:09 / Allies) MissionImpossib: b
(08:50 / Allies) MissionImpossib: they're hitting me
(09:00 / Allies) MissionImpossib: lumber
(09:04 / Allies) MissionImpossib: blue expo actually
(09:35 / All) TheWhaleXL: level 1 still lmao
(09:38 / Allies) MissionImpossib: blue sitting in his base lmao
(09:57 / Allies) MissionImpossib: stay eyella
(11:49 / Allies) MissionImpossib: b
(11:50 / Allies) MissionImpossib: b
(12:08 / Allies) MissionImpossib: b
(12:27 / Allies) Ludakatapro: we coulda killed teal
(12:30 / Allies) Ludakatapro: quick quickly
(12:35 / Allies) Ludakatapro: they had no AA
(13:03 / Allies) MissionImpossib: shit
(13:05 / Allies) MissionImpossib: was in my base
(13:22 / Allies) el_sin_nombre_2: hit?
(13:25 / Allies) MissionImpossib: hit top
(13:56 / Allies) MissionImpossib: counter top
(14:48 / Allies) Ludakatapro: i will hit top
(18:58 / Allies) Ludakatapro: red can share some wood?
(19:04 / All) MissionImpossib: dragon eat
(19:05 / Allies) Ludakatapro: and control too plz
(19:07 / Allies) Ludakatapro: so i can buy
(19:09 / All) MissionImpossib: is SHIT
(19:22 / Allies) Ludakatapro: red
(19:25 / Allies) Ludakatapro: share control plz
(19:34 / Allies) Ludakatapro: just for 1 sec
(19:45 / Allies) Ludakatapro: 100 wood
(19:46 / Allies) Ludakatapro: anyone?
(19:48 / Allies) Ludakatapro: for shredder
(19:56 / Allies) Ludakatapro: thanks
(20:21 / All) TheWhaleXL: Purp ultimate noob lol
(20:26 / All) TheWhaleXL: level 1 all game adn can only go mortar and tank
(20:54 / All) MissionImpossib: I'll get 100 food and rape your asshole orange
(20:56 / All) MissionImpossib: how about it
(23:57 / Allies) MissionImpossib: tp top blue
(23:59 / Allies) MissionImpossib: and let's counter top
(24:37 / Allies) MissionImpossib: tp top blue
(24:50 / All) TheWhaleXL: good micro blue lol
(26:56 / Allies) iamnoobkillme: gold for base
(27:09 / Allies) Ludakatapro: why is there never enough wood
(29:11 / Allies) Ludakatapro: thx blue
(29:13 / Allies) Ludakatapro: savin my ass
(29:26 / Allies) MissionImpossib: brb
(29:38 / Allies) Ludakatapro: keep th expos down
(29:41 / Allies) Ludakatapro: they should be out of gold
(29:48 / Allies) el_sin_nombre_2: red gold plz
(30:51 / Allies) iamnoobkillme: gold 100 please
(31:17 / Allies) iamnoobkillme: blue gold 100
(31:34 / Allies) iamnoobkillme: thx
(31:42 / Allies) Ludakatapro: blue can u send me 100 wood?
(31:51 / Allies) Ludakatapro: i just want my heroes back
(32:15 / Allies) Ludakatapro: the archmage
(32:17 / Allies) Ludakatapro: nice
(33:48 / Allies) Ludakatapro: blue u have 3000 wood
(33:51 / Allies) Ludakatapro: can u send meh somE?
(34:13 / Allies) iamnoobkillme: red
(34:20 / Allies) iamnoobkillme: red
(34:24 / Allies) iamnoobkillme: tp there
(34:30 / Allies) iamnoobkillme: kill green expand
(36:43 / Allies) el_sin_nombre_2: red wtf
(37:51 / Allies) el_sin_nombre_2: fuker red
(38:11 / All) TheWhaleXL: From where you're kneeling it must look like an 18-karat run of bad luck
(38:13 / All) TheWhaleXL: but the truth is
(38:16 / All) TheWhaleXL: the game was rigged from the start
(38:27 / All) TheWhaleXL: lol they left so fast only blue saw it
(39:13 / Allies) el_sin_nombre_2: red fagot
(41:06 / Allies) MissionImpossib: that's a representation of my cock rimming your virgin asshole
(41:13 / Allies) MissionImpossib: you got owned son
(41:50 / Allies) MissionImpossib: YOU GOT REAMED
(41:54 / Allies) MissionImpossib: YOU LOSE
(42:03 / Allies) MissionImpossib: be a good boy and alt qq!
(42:16 / All) MissionImpossib: top mid
(42:24 / Allies) el_sin_nombre_2: fuck you
(42:27 / Allies) el_sin_nombre_2: u levae
(42:30 / Allies) el_sin_nombre_2: traityor
(42:34 / Allies) MissionImpossib: why
(42:38 / Allies) MissionImpossib: I run this town
(42:50 / All) TheWhaleXL: dat peon ain't gonna hunt no venison todahy
(42:52 / Allies) el_sin_nombre_2: this game is win
(42:57 / All) TheWhaleXL: that venison is for the ORCS
(42:57 / Allies) MissionImpossib: not for you
(43:01 / All) TheWhaleXL: Yozshura is hungry
(43:03 / Allies) MissionImpossib: you lose sonny boy
(43:18 / Allies) el_sin_nombre_2: quit fagot of shit
(43:24 / Allies) el_sin_nombre_2: unistall or play alone
(43:25 / Allies) MissionImpossib: ya lost
(43:26 / Allies) MissionImpossib: get out
(43:29 / Allies) MissionImpossib: you
(43:31 / Allies) MissionImpossib: you're a noob
(43:56 / All) TheWhaleXL: Blue is having fun killing level 3 masonry buildings with his bm
(44:06 / All) MissionImpossib: he's got dis
(44:08 / All) TheWhaleXL: always a thrilling time killing a whole human base with max masonry and one hero
(46:15 / Allies) el_sin_nombre_2: fagot
(46:17 / Allies) el_sin_nombre_2: tp here
(46:19 / Allies) MissionImpossib: leave noobie
(46:21 / Allies) MissionImpossib: ya lost
(46:42 / Allies) el_sin_nombre_2: tp i waiting for you
(47:19 / All) MissionImpossib: lawl didn't realize you were afk
(47:28 / All) MissionImpossib: there goes a dragon
(47:45 / All) TheWhaleXL: should I hold positionj
(48:07 / All) TheWhaleXL: I set to hold position and disabled autocast web
(48:31 / Allies) el_sin_nombre_2: fagot
(48:57 / All) el_sin_nombre_2: =D
(50:51 / Allies) MissionImpossib: =)
(50:54 / All) TheWhaleXL: idiot lol
(51:04 / All) el_sin_nombre_2: u need help for me =D
(51:09 / Allies) MissionImpossib: sure didn't
(51:15 / Allies) el_sin_nombre_2: ya
(51:18 / Allies) MissionImpossib: see my gold count
(51:21 / Allies) MissionImpossib: see my unit count
(51:27 / Allies) MissionImpossib: I can easily go 100 food tardo
(51:36 / Allies) el_sin_nombre_2: good for you
(51:44 / Allies) el_sin_nombre_2: congratulations =)
(52:46 / Allies) MissionImpossib: lol
(52:47 / Allies) MissionImpossib: =)
(52:55 / Allies) el_sin_nombre_2: i lol whit you
(52:58 / All) TheWhaleXL: I don't see anything to kill
(53:04 / All) TheWhaleXL: my team all left, just blue left
(54:33 / Allies) MissionImpossib: dang
(54:35 / Allies) MissionImpossib: fun's over
(54:37 / Allies) MissionImpossib: no more heroes for you
(56:06 / Allies) MissionImpossib: YOU LOSE
(56:08 / Allies) MissionImpossib: YOU GET NOTHING
(56:09 / Allies) MissionImpossib: GOOD DAY SIR
(56:12 / All) TheWhaleXL: wow this game just drags on
(57:39 / All) el_sin_nombre_2: i report you
(57:46 / All) el_sin_nombre_2: and pink
(57:47 / Allies) MissionImpossib: For what?
(57:48 / All) TheWhaleXL: grats
(57:50 / All) MissionImpossib: give a nerd a loss?
(57:55 / All) TheWhaleXL: good for you pink
(57:59 / All) TheWhaleXL: good luck with that lol
(58:01 / All) el_sin_nombre_2: ty
(58:10 / All) el_sin_nombre_2: loser trash
(58:13 / All) MissionImpossib: yeah you are
(58:13 / All) TheWhaleXL: I'm sure blizz is checkign replays and reports
(58:17 / All) MissionImpossib: trash at this game, and loser
(58:19 / All) TheWhaleXL: I'm not a loser
(58:19 / All) MissionImpossib: you lose this game
(58:20 / All) TheWhaleXL: I'm a winner
(58:24 / All) TheWhaleXL: about to win this game
(58:26 / All) TheWhaleXL: 1-0 wooooo
(58:31 / All) TheWhaleXL: 100% win record what's yours?
(58:33 / All) MissionImpossib: BLUE LOSER
(58:34 / All) MissionImpossib: BLUE LOSER
(58:37 / All) TheWhaleXL: BLUE LOSER
(58:38 / All) TheWhaleXL: BLUE LOSER
(58:56 / All) MissionImpossib: BLUE LOOSER THAN MILEY CYRUS
(59:02 / All) TheWhaleXL: BLUE IS LOOSER
(59:03 / All) TheWhaleXL: BLUE LOOSER
(59:08 / All) TheWhaleXL: big looser
(59:12 / Allies) el_sin_nombre_2: kill tower and finish this =0
(59:13 / All) MissionImpossib: loose bunghole
(59:16 / Allies) MissionImpossib: why
(59:17 / All) el_sin_nombre_2: jaja
(59:21 / All) el_sin_nombre_2: ya im loser
(59:21 / All) TheWhaleXL: jajaja
(59:24 / All) TheWhaleXL: brasil? jaja
(59:33 / All) el_sin_nombre_2: i win killing my team
(59:36 / All) TheWhaleXL: brasil good country jaja
(59:52 / All) MissionImpossib: BLUE IS MEXICANT
(60:27 / All) MissionImpossib: WE'RE GONNA BUILD A WALL
(60:29 / All) MissionImpossib: AND THORW YOU OVEr
(60:48 / Allies) MissionImpossib: mexicant
(61:55 / All) MissionImpossib: GG U FAT FAJITA ASSED MEXICANT